 Dungeon Crawl Stone Soup version 0.29.1-12-g30fa7ad0bf (webtiles) character file.

Game seed: 1902663444368380061

32 styxcanada the Sneak (level 3, 0/18 HPs)
             Began as a Spriggan Brigand on Dec 27, 2022.
             Slain by an adder (2 damage)
             ... on level 2 of the Dungeon.
             The game lasted 00:04:39 (1398 turns).

styxcanada the Sneak (Spriggan Brigand)             Turns: 1398, Time: 00:04:40

Health: 0/18       AC:  3    Str:  7    XL:     3   Next: 8%
Magic:  4/4        EV: 14    Int: 12    God:
Gold:   138        SH:  0    Dex: 18    Spells: 2/2 levels left

rFire   . . .      SeeInvis +   a - +2 dagger
rCold   . . .      Faith    .   (no shield)
rNeg    . . .      Spirit   .   b - +0 robe
rPois   .          Reflect  .   (helmet restricted)
rElec   .          Harm     .   c - +0 cloak
rCorr   .          Rampage  .   (gloves unavailable)
Will    .....                   (boots unavailable)
Stlth   ++++......              (no amulet)
HPRegen 0.06/turn               (no ring)
MPRegen 0.09/turn               (no ring)

@: constricted, very quick
A: very small, no large weapons, unfitting armour, see invisible, speed 3
a: no special abilities


You were on level 2 of the Dungeon.
You visited 1 branch of the dungeon, and saw 2 of its levels.

You collected 138 gold pieces.

Inventory:

Hand Weapons
 a - a +2 dagger (weapon)
 m - a +0 sling
Missiles
 d - 14 poisoned darts (quivered)
 e - 2 curare-tipped darts
 i - 21 stones
Armour
 b - a +0 robe (worn)
 c - a +0 cloak (worn)
Scrolls
 k - a scroll of fear {unknown}
 n - 2 scrolls of vulnerability {unknown}
 o - a scroll of noise {unknown}
 p - a scroll of blinking {unknown}
Potions
 f - 2 potions of curing
 g - a potion of lignification
 h - a potion of haste {unknown}
 j - a potion of might
 l - 2 potions of heal wounds {unknown}


   Skills:
 * Level 1.9 Fighting
 + Level 2.5 Short Blades
 + Level 0.1 Ranged Weapons
 + Level 2.0 Throwing
 * Level 1.9 Dodging
 * Level 6.7 Stealth


You had 2 spell levels left.
You didn't know any spells.
Your spell library contained the following spells:

 Spells                   Type           Power      Damage    Failure   Level
 Beastly Appendage        Tmut           0%         N/A       32%         1
 Wereblood                Tmut           0%         N/A       45%         2
 Spider Form              Tmut/Pois      0%         N/A       69%         3


Dungeon Overview and Level Annotations

Branches:
Dungeon (2/15)

Altars:


Innate Abilities, Weirdness & Mutations

You are very small and have problems with some larger weapons.
You are too small for most types of armour.
You have supernaturally acute eyesight. (SInv)
You cover ground extremely quickly. (Speed+++)


Message History

d - 14 poisoned darts (gained 1)
As you read the scroll labelled KOCHIU SIPOY, it crumbles to dust.
It is a scroll of identify.
f - 2 potions of curing
As you read the scroll of identify, it crumbles to dust.
g - a potion of lignification
As you read the scroll of identify, it crumbles to dust.
j - a potion of might You see here a worm corpse.
h - a golden potion A ball python and an adder come into view.
Found an escape hatch in the floor.
The adder hisses angrily.
The ball python hisses angrily.
You barely miss the adder. The adder misses you.
You closely miss the adder. The adder closely misses you. The adder bites you.
You are poisoned.
The adder poisons you!
You completely miss the adder.
You feel sick. The adder bites you but does no damage.
You barely miss the adder.
You feel sick. The ball python misses you. The ball python grabs you.
The ball python constricts you. The adder bites you.
You hit the adder.
The adder is moderately wounded.
You feel sick. The ball python closely misses you.
The ball python constricts you. The adder barely misses you.
You hit the adder.
The adder is severely wounded.
You feel sick. The ball python misses you. The ball python constricts you.
The adder closely misses you.
You hit the adder.
The adder is almost dead.
You feel sick.
You are no longer poisoned.
The ball python bites you.
* * * LOW HITPOINT WARNING * * *
The ball python constricts you.
* * * LOW HITPOINT WARNING * * *
The adder bites you.
You die...

# #. ..... # #. ....
###### ####.##+#...
#..... ........>..
#..... ..........
....... ..?......#
#[...... .......S.#
#^#..... ......S@.# #
#.###### .........#.#
#.# # .........#.# #.# #
.........#.######.# #
####+##.........#.######
#.................
#######.######.#.######
........##.....#....#
#######..#.....#....#


You could see an adder and a ball python.

Vanquished Creatures
  3 worms (D:2)
  4 endoplasms
  2 giant cockroaches (D:1)
  2 goblins
  3 hobgoblins
  3 ball pythons
  2 bats (D:2)
  4 frilled lizards (D:1)
23 creatures vanquished.

Notes
Turn   | Place    | Note
-------+----------+-------------------------------------------
     0 | D:1      | styxcanada the Spriggan Brigand began the quest for the
                  | Orb.
     0 | D:1      | Reached XP level 1. HP: 10/10 MP: 2/2
    36 | D:1      | Reached skill level 6 in Stealth
   245 | D:1      | Reached XP level 2. HP: 15/15 MP: 3/3
  1055 | D:2      | Reached XP level 3. HP: 18/18 MP: 4/4
  1398 | D:2      | Slain by an adder

Illustrated notes

Levels and vault maps discovered:
D:1:      dpeg_arrival_central, layout_basic
D:2:      layout_basic, minmay_hexomino_c4

Skill      XL: |  1 |
---------------+----+-----
Stealth        | 6 |  6.7
Fighting       | |  1.9
Short Blades   | |  2.5
Ranged Weapons | |  0.1
Throwing       | |  2.0
Dodging        | |  1.9

Action                   || total
-------------------------++-------
Melee: Dagger            ||    36
 Fire: Sling             ||    13
Throw: Dart              ||    15
  Use: Scroll            ||     3
 Stab: Sleeping          ||     9
Armor: Robe              ||     4
Dodge: Dodged            ||    24
